 Dungeon Crawl Stone Soup version 0.23.1 (webtiles) character file.

Game seed: 11601268864124341078

98 mralvaruus the Bolt Thrower (level 5, -1/29 HPs)
             Began as a Kobold Arcane Marksman on Mar 15, 2019.
             Was an Initiate of Okawaru.
             Slain by an adder (4 damage)
             ... on level 3 of the Dungeon.
             The game lasted 00:20:02 (2712 turns).

mralvaruus the Bolt Thrower (KoAM)                  Turns: 2712, Time: 00:20:02

Health: -1/29      AC:  3    Str:  8    XL:     5   Next: 0%
Magic:  4/7        EV: 15    Int: 15    God:    Okawaru [......]
Gold:   72         SH:  0    Dex: 15    Spells: 1/7 levels left

rFire    . . .     SeeInvis .   a - +0 hand crossbow
rCold    . . .     Gourm    .   (shield restricted)
rNeg     . . .     Faith    .   e - +0 robe
rPois    .         Spirit   .   (no helmet)
rElec    .         Reflect  .   i - +0 cloak
rCorr    .         Harm     .   (no gloves)
MR       .....                  (no boots)
Stlth    ++........             (no amulet)
HPRegen  0.09/turn              (no ring)
MPRegen  0.10/turn              (no ring)

@: lethally poisoned (-1 -> -20)
A: small, carnivore
a: Renounce Religion


You were on level 3 of the Dungeon.
You worshipped Okawaru.
Okawaru was noncommittal.
You were full.

You visited 1 branch of the dungeon, and saw 3 of its levels.

You collected 72 gold pieces.

Inventory:

Hand Weapons
 a - a +0 hand crossbow (weapon)
 h - a +0 dagger
Missiles
 d - 14 bolts (quivered)
Armour
 e - a +0 robe (worn)
 i - a +0 cloak (worn)
Scrolls
 c - a scroll of teleportation
 g - 3 scrolls of remove curse {unknown}
Potions
 k - a potion of flight
 l - a potion of might {unknown}
Comestibles
 f - 3 rations


   Skills:
 + Level 1.5 Fighting
 + Level 4.3 Crossbows
 - Level 2.4 Dodging
 + Level 0.6 Stealth
 + Level 1.8 Spellcasting
 + Level 3.8 Hexes


You had one spell level left.
You knew the following spells:

 Your Spells              Type           Power        Failure   Level  Hunger
a - Corona                Hex            ##.....      4%          1    ##.....
b - Slow                  Hex            ##......     7%          2    ###....
c - Inner Flame           Hex/Fire       #.......     30%         3    ####...

Your spell library contained the following spells:

 Spells                   Type           Power        Failure   Level  Hunger
 Portal Projectile        Hex/Tloc       #.....       30%         3    ####...
 Cause Fear               Hex            ##........   43%         4    #####..
 Leda's Liquefaction      Hex/Erth       #.........   71%         4    #####..


Dungeon Overview and Level Annotations

Branches:
Dungeon (3/15)

Altars:
Cheibriados
Okawaru


Innate Abilities, Weirdness & Mutations

You are small and have problems with some larger weapons.
You are carnivorous and can eat meat at any time.


Message History

* * * LOW HITPOINT WARNING * * *
You feel sick. The adder barely misses you.
Firing (i - inventory)
d - 16 bolts (quivered)
Press: ? - help, Shift-Dir - straight line, f/p - adder
Aim: an adder (softly glowing)
You shoot a bolt.
The bolt hits the adder but does no damage.
* * * LOW HITPOINT WARNING * * *
You feel sick. The adder bites you.
* * * LOW HITPOINT WARNING * * *
You are more poisoned.
The adder poisons you! The adder barely misses you.
Firing (i - inventory)
d - 15 bolts (quivered)
Press: ? - help, Shift-Dir - straight line, f/p - adder
Aim: an adder (softly glowing)
You shoot a bolt. The bolt hits the adder!
The adder is heavily wounded.
* * * LOW HITPOINT WARNING * * *
You feel sick. The adder bites you.
You die...

######...
#.S(..... #@#
##+# #)# #.#
##...##(# #.##
#.....#.# ...##
..oo....# ..
#...###
........###....
......
..........r....
....#
>.......###....
##.# .......##
.#


You could see an adder.

Vanquished Creatures
  A gnoll (D:2)
  An adder (D:2)
  An ooze (D:3)
  A worm (D:2)
  3 dart slugs
  6 orcs
  3 bats
  3 giant cockroaches (D:1)
  12 goblins
  5 hobgoblins
  6 kobolds
  2 quokkas (D:2)
  A ball python (D:2)
  3 frilled lizards (D:1)
  7 rats
55 creatures vanquished.

Notes
Turn   | Place    | Note
-------+----------+-------------------------------------------
     0 | D:1      | mralvaruus the Kobold Arcane Marksman began the quest for
                  | the Orb.
     0 | D:1      | Reached XP level 1. HP: 12/12 MP: 2/2
   117 | D:1      | Reached skill level 3 in Crossbows
   117 | D:1      | Reached XP level 2. HP: 15/16 MP: 0/3
   316 | D:1      | Reached XP level 3. HP: 8/20 MP: 0/4
   504 | D:1      | Learned a level 2 spell: Slow
  1079 | D:2      | Reached XP level 4. HP: 12/25 MP: 1/6
  1092 | D:2      | Found an iron altar of Okawaru.
  1100 | D:2      | Became a worshipper of Warmaster Okawaru
  1184 | D:2      | Reached skill level 4 in Crossbows
  1833 | D:2      | Found a snail-covered altar of Cheibriados.
  2594 | D:2      | Learned a level 3 spell: Inner Flame
  2708 | D:3      | Reached XP level 5. HP: 13/29 MP: 4/7
  2712 | D:3      | Slain by an adder

Skill      XL: |  1  2  3  4 |
---------------+-------------+-----
Crossbows      | 3 4 |  4.3
Fighting       | |  1.5
Dodging        | |  2.4
Stealth        | |  0.6
Spellcasting   | |  1.8
Hexes          | |  3.8

Action                   |  1- 3 |  4- 6 || total
-------------------------+-------+-------++-------
 Fire: Hand crossbow     |    75 |    53 ||   128
 Cast: Corona            |    22 |    27 ||    49
       Slow              |     4 |     6 ||    10
  Use: Scroll            |       |     4 ||     4
  Eat: Ration            |     1 |       ||     1
       Chunk             |     4 |     7 ||    11
Armor: Robe              |     8 |    10 ||    18
Dodge: Dodged            |    39 |    44 ||    83
